Map: Echo LE (Void)

Players

PhD

  • Race: Protoss Protoss
  • Spawn Location: 11:00

Husky - Winner!

  • Race: Terran Terran
  • Spawn Location: 5:00

VOD

Have the link to the VOD?

Description

Please give any criticism, one of my placements where I feel like I macroed well and won with a bigger army.

Time

  • Played on: Jan. 5, 2017, 3:53 p.m.
  • Length: 8:52
Show
View Real Time Build Order
Export as new Build Order

PhD Protoss 

Build Orders:  

Get SALT Encoding   

  12  0:02  Probe (Chrono Boost)  
  13  0:13  Probe (Chrono Boost)  
  14  0:23  Pylon  
  14  0:24  Probe (Chrono Boost)  
  15  0:41  Probe (Chrono Boost)  
  16  0:48  Gateway  
  16  0:55  Assimilator  
  16  0:56  Probe (Chrono Boost)  
  17  1:06  Probe (Chrono Boost)  
  18  1:13  Assimilator  
  18  1:17  Probe (Chrono Boost)  
  19  1:20  Pylon  
  19  1:27  Probe (Chrono Boost)  
  20  1:38  Probe (Chrono Boost)  
  21  1:42  Cybernetics Core  
  21  1:45  Zealot  
  23  1:48  Probe (Chrono Boost)  
  24  1:59  Probe (Chrono Boost)  
  25  2:06  Forge  
  25  2:08  Warp Gate  
  25  2:09  Probe (Chrono Boost)  
  26  2:25  Mothership Core (Chrono Boost)  
  26  2:27  Stalker  
  30  2:36  Pylon  
  30  2:39  Pylon  
  30  2:54  Pylon  
  30  3:12  Nexus  
  30  3:16  Assimilator  
  30  3:27  Gateway  
  30  3:29  Gateway  
  30  3:34  Protoss Ground Weapons Level 1  
  31  3:41  Probe (Chrono Boost)  
  31  3:49  Pylon  
  31  3:51  Pylon  
  31  3:53  Probe (Chrono Boost)  
  32  4:06  Probe (Chrono Boost)  
  34  4:18  Probe (Chrono Boost)  
  34  4:26  Stalker x3  
  34  4:29  Probe (Chrono Boost)  
  34  4:30  Probe (Chrono Boost)  
  42  4:40  Probe (Chrono Boost)  
  42  4:42  Probe (Chrono Boost)  
  44  4:50  Probe (Chrono Boost)  
  46  4:54  Probe (Chrono Boost)  
  46  4:56  Gateway  
  46  5:01  Probe (Chrono Boost)  
  46  5:04  Stalker  
  49  5:07  Sentry x2  
  49  5:13  Probe (Chrono Boost)  
  54  5:23  Assimilator  
  54  5:24  Probe (Chrono Boost)  
  54  5:27  Pylon  
  55  5:28  Pylon  
  55  5:29  Protoss Ground Armor Level 1  
  55  5:31  Pylon  
  55  5:34  Probe (Chrono Boost)  
  56  5:45  Probe (Chrono Boost)  
  57  5:52  Twilight Council  
  57  5:55  Forge  
  58  5:57  Probe (Chrono Boost)  
  58  6:00  Probe (Chrono Boost)  
  59  6:07  Probe (Chrono Boost)  
  61  6:12  Probe (Chrono Boost)  
  61  6:18  Probe (Chrono Boost)  
  62  6:24  Probe (Chrono Boost)  
  63  6:26  Stalker x3  
  63  6:28  Probe (Chrono Boost)  
  70  6:35  Nexus  
  70  6:36  Probe (Chrono Boost)  
  70  6:39  Pylon, Probe (Chrono Boost)  
  72  6:41  Assimilator  
  72  6:44  Pylon  
  72  6:45  Charge  
  72  6:49  Probe (Chrono Boost)  
  72  6:50  Probe (Chrono Boost)  
  74  7:13  Stalker  
  74  7:14  Stalker x3  
  49  7:41  Stalker x2  
  49  7:42  Stalker x2  
  59  7:47  Mothership Core (Chrono Boost)  
  59  8:00  Robotics Facility x2  
  26  8:25  Stalker  
Show
View Real Time Build Order
Export as new Build Order

Husky Terran - Winner!

Build Orders: MMM Bio 

Get SALT Encoding   

  12  0:01  SCV  
  13  0:16  SCV  
  13  0:20  Supply Depot  
  14  0:28  SCV  
  15  0:41  SCV  
  16  0:43  Barracks  
  16  0:53  SCV  
  16  0:56  Refinery  
  17  1:06  SCV  
  18  1:18  SCV  
  19  1:30  SCV  
  20  1:34  Command Center  
  20  1:43  Marine  
  20  1:44  Supply Depot  
  20  1:46  SCV  
  22  2:00  Orbital Command  
  22  2:01  Marine  
  23  2:19  Marine  
  23  2:22  Barracks  
  24  2:27  SCV  
  25  2:41  Barracks  
  25  2:51  Barracks Reactor  
  25  2:54  SCV  
  25  2:55  Orbital Command  
  26  3:06  SCV  
  27  3:16  Barracks  
  27  3:20  Barracks Tech Lab  
  27  3:24  Orbital Command  
  27  3:29  Barracks  
  27  3:34  Marine x3  
  30  3:43  Marauder  
  30  3:46  SCV  
  33  3:52  Marine x2  
  36  3:58  Stimpack  
  36  3:59  SCV  
  36  4:04  Marauder  
  36  4:09  Barracks Reactor  
  38  4:10  Marine x2  
  38  4:13  Barracks Reactor, Barracks  
  40  4:24  SCV  
  40  4:26  SCV, Barracks, Marauder  
  44  4:36  SCV  
  44  4:38  Barracks Reactor, SCV  
  46  4:48  Supply Depot  
  46  4:49  Supply Depot  
  46  4:51  Marine x3, SCV  
  50  5:00  SCV  
  50  5:04  Barracks Tech Lab, SCV  
  50  5:06  Marine  
  50  5:07  Marine  
  53  5:09  Marine x5  
  53  5:12  SCV  
  60  5:19  Supply Depot  
  60  5:23  Marine, Supply Depot  
  60  5:24  SCV  
  60  5:27  Marine x2, SCV  
  60  5:28  Marauder  
  67  5:34  Marine, Marauder  
  70  5:40  Marine  
  70  5:41  SCV x2  
  73  5:49  Marauder  
  75  5:54  Supply Depot  
  75  5:55  Marauder  
  75  5:56  Supply Depot  
  75  5:57  Marine x5  
  77  5:58  Supply Depot  
  82  6:04  Combat Shields  
  82  6:06  Concussive Shells  
  82  6:09  Marine x3  
  85  6:16  Marauder x2  
  89  6:20  SCV x2  
  89  6:24  Supply Depot  
  89  6:25  Supply Depot  
  91  6:34  Marine x6  
  91  6:36  Marine  
  91  6:37  Marine, Marauder  
  91  6:38  Marauder  
  103  6:51  Marine  
  103  6:52  Marine  
  105  6:59  SCV x2  
  111  7:01  Marauder x2  
  111  7:02  Marine x2  
  111  7:03  Marine  
  111  7:04  Marine  
  111  7:05  Marine  
  116  7:11  SCV x2  
  122  7:23  SCV, Marauder x2  
  118  7:35  SCV x2  
  122  7:44  Marauder  
  117  8:23  Marine, Marauder x2  
  117  8:24  Marine x4  
  126  8:51  Supply Depot  
Tags
 
Composition
MMM Bio
Matchup
PvT
Spawn Locations
Cross Positions
Add a new tag
Caveats
  • Supply blocks, unpowered buildings, or Contaminate may cause inaccurate times.
  • Supply counts are checked every 10 seconds.